 Dungeon Crawl Stone Soup version 0.21-a0-153-g78480df (webtiles) character file.

26362 Manul the Black Belt (level 12, -16/87 HPs)
             Began as a Demonspawn Monk on Aug 1, 2017.
             Was an Initiate of Gozag.
             Hit by a large rock thrown by a stone giant (36 damage)
             ... on level 2 of the Orcish Mines.
             The game lasted 00:31:25 (20719 turns).

Manul the Black Belt (Demonspawn Monk)             Turns: 20719, Time: 00:31:26

Health: -16/87     AC: 31    Str: 18    XL:     12   Next: 97%
Magic:  22/22      EV: 11    Int: 11    God:    Gozag
Gold:   1412       SH:  0    Dex: 18    Spells: 11/11 levels left

rFire    + . .     SeeInvis .     - Unarmed
rCold    + . .     Gourm    .   (no shield)
rNeg     . . .     Faith    .   n - +7 chain mail "Xathreyxt" {rElec MR+}
rPois    +         Spirit   .   (helmet unavailable)
rElec    +         Reflect  .   V - +1 cloak {rPois}
rCorr    .         Harm     .   P - +1 pair of gloves {Str+3}
MR       +....     Clarity  +   E - +2 pair of boots {run}
Stlth    ..........             d - amulet of regeneration
HPRegen  0.64/turn              h - +5 ring of intelligence
MPRegen  0.18/turn              Q - ring "Opanuonn" {rPois rC+ MP+9 Int-5}

@: gold aura, drained, quick
A: horns 3, iridescent scales 2, clarity, fire resistance 1, shaggy fur 1, spiny
1
a: Potion Petition, Call Merchant, Bribe Branch, Renounce Religion


You were on level 2 of the Orcish Mines.
You worshipped Gozag.
Gozag was most pleased with you.
You were not hungry.

You visited 3 branches of the dungeon, and saw 15 of its levels.
You also visited: Labyrinth and Ossuary.

You collected 3718 gold pieces.
You spent 1093 gold pieces at shops.
You paid 1213 gold pieces to Gozag.

Inventory:

Hand Weapons
 g - a +2 whip of flaming
 k - a +0 dagger of venom
Missiles
 X - a throwing net (quivered)
Armour
 c - a scarf of resistance
 n - the +7 chain mail "Xathreyxt" (worn) {rElec MR+}
   (You found it on level 5 of the Dungeon)

   It insulates you from electricity.
   It affects your resistance to hostile enchantments.
 q - a +1 pair of gloves
 D - a +0 buckler
 E - a +2 pair of boots of running (worn)
 P - a +1 pair of gloves of strength (worn)
 T - a +2 plate armour of cold resistance
 V - a +1 cloak of poison resistance (worn)
Jewellery
 d - an amulet of regeneration (around neck)
 h - a +5 ring of intelligence (left hand)
 w - an uncursed amulet of the gourmand
 M - an uncursed ring of protection from fire
 Q - the ring "Opanuonn" (right hand) {rPois rC+ MP+9 Int-5}
   (You found it in a labyrinth)

   [ring of poison resistance]

   It affects your intelligence (-5).
   It protects you from cold.
   It protects you from poison.
   It affects your magic capacity (+9).
 S - an uncursed amulet of guardian spirit
Wands
 i - a wand of iceblast (9/15)
 p - a wand of iceblast (5/15)
 v - a wand of confusion (32/48)
 F - a wand of random effects (7/48)
 H - a wand of polymorph (14/24)
 J - a wand of iceblast (0/15)
 K - a wand of digging (11/24)
 L - a wand of paralysis (0/24)
 N - a wand of confusion (19/48)
 U - a wand of acid (1/15)
Scrolls
 r - 3 scrolls of magic mapping
 s - 5 scrolls of recharging
 x - 2 scrolls of amnesia {unknown}
 y - 3 scrolls of teleportation
 C - a scroll of enchant armour
 G - 6 scrolls of identify
 I - 2 scrolls of remove curse
Potions
 e - 4 potions of haste
 j - 6 potions of curing
 l - 3 potions of flight
 m - 2 potions of cancellation
 o - 3 potions of brilliance
 u - 2 potions of magic
 z - 3 potions of lignification
 B - 2 potions of agility
Books
 b - a book of Cantrips

   Spells                             Type                      Level
   a - Confusing Touch                Hexes                        1
   b - Animate Skeleton               Necromancy                   1
   c - Summon Small Mammal            Summoning                    1
   d - Apportation                    Translocation                1
 t - a book of Air

   Spells                             Type                      Level
   a - Shock                          Conjuration/Air              1
   b - Swiftness                      Charms/Air                   2
   c - Static Discharge               Conjuration/Air              3
   d - Airstrike                      Air                          4
   e - Lightning Bolt                 Conjuration/Air              5
 O - a book of Beasts

   Spells                             Type                      Level
   a - Summon Butterflies             Summoning                    1
   b - Call Canine Familiar           Summoning                    3
   c - Summon Ice Beast               Ice/Summoning                4
   d - Summon Mana Viper              Hexes/Summoning              5
   e - Summon Hydra                   Summoning                    7
 W - a book of Conjurations

   Spells                             Type                      Level
   a - Magic Dart                     Conjuration                  1
   b - Searing Ray                    Conjuration                  2
   c - Dazzling Spray                 Conjuration/Hexes            3
   d - Fulminant Prism                Conjuration/Hexes            4
   e - Force Lance                    Conjuration/Translocation    4
   f - Iskenderun's Mystic Blast      Conjuration                  4
Comestibles
 a - 3 royal jellies
 f - 2 meat rations
 A - 2 fruits


   Skills:
 + Level 5.9(5.5) Fighting
 - Level 0.5(0.1) Throwing
 + Level 10.3(9.9) Armour
 + Level 6.3(5.9) Dodging
 - Level 3.2(2.9) Stealth
 + Level 15.0(14.5) Unarmed Combat
 + Level 2.4(2.1) Evocations


You had 11 spell levels left.
You didn't know any spells.

Dungeon Overview and Level Annotations

Branches:
Dungeon (12/15)            Temple (1/1) D:6            Lair (0/6) D:11
    Orc (2/2) D:11
    Elf: Orc:2

Altars:
Ashenzari
Cheibriados
Dithmenos
Elyvilon
Fedhas
Gozag
Hepliaklqana
Kikubaaqudgha
Makhleb
Nemelex Xobeh
Okawaru
Qazlal
Ru
Sif Muna
Trog
Uskayaw
Vehumet
Wu Jian
Xom
Yredelemnul
Zin
The Shining One

Shops:
D:6 [   D:8 (   D:9 (   D:10 =   D:12 :   Orc:2 [=(


Innate Abilities, Weirdness & Mutations

You have a pair of large horns on your head.
You are mostly covered in iridescent scales. (AC +4)
Your flesh is heat resistant. (rF+)
You are partially covered in sharp spines.
You possess an exceptional clarity of mind.
You are covered in fur. (AC +1)


Message History

The ogre is distracted by the nearby gold.
The orc throws an exploding tomahawk.
The exploding tomahawk hits you but does no damage.
The exploding tomahawk explodes!
The explosion of tomahawk fragments engulfs you!
The explosion of tomahawk fragments engulfs the ogre.
The ogre is no longer distracted by gold.
The explosion of tomahawk fragments engulfs the stone giant.
The explosion of tomahawk fragments engulfs the fungus.
The stone giant hits you!!
You hear a shout!
The orc sorcerer howls an incantation.
You feel troubled.
The orc sorcerer hits the fungus with a dagger.
The stone giant throws a large rock.
The large rock hits you!!
* * * LOW HITPOINT WARNING * * *
You see here a large rock.
The stone giant throws a large rock.
The large rock hits you!!!
You die...
Your body crumbles into a pile of gold.

..........P.....#.####...........
......P....P.......##......#[#.#.
.......P..........####......#)...
.................#.##....#...(...
............PP......##..#....(...
..#.P.(.∩........#..####.........
..$.P.....8Po...##...##...#..(...
..oO.(......oP....#..............
..o..P...P.o4O.(@................
...(.....oooC..#.................
...oC....PP##..........P..P......
.........#####...........P8......
o.......## ###...........P.P...
o.......# #.........∩........
.......## #..................
.....##. #........P..P........
...... .. ...........P.........


You could see a stone giant, an orc knight, an orc high priest, an ice devil, an
orc sorcerer, an orc warrior, an ogre and 2 orcs.

Vanquished Creatures
  An orc warlord (Orc:1)
  An ettin (D:11)
  A minotaur (Lab)
  Harold (D:11)
  2 two-headed ogres
  3 orc high priests
  Sonja (D:11)
  3 orc knights
  2 orc sorcerers
  3 slime creatures (D:12)
  Maurice (D:11)
  2 komodo dragons
  2 kobold demonologists (D:12)
  5 trolls
  3 hippogriffs
  Sigmund (D:6)
  2 shadows (Lab)
  Eustachio (D:5)
  A wyvern (D:8)
  13 yaks
  Grum (D:11)
  A hungry ghost (D:7)
  2 wargs (Orc:2)
  A soldier ant (D:12)
  3 water moccasins
  3 ice beasts
  24 orc warriors
  5 sky beasts
  9 ogres
  2 phantoms (D:9)
  2 wolves (D:11)
  13 centaurs
  4 big kobolds
  An elf zombie (Ossuary)
  6 bullfrogs
  A scorpion (D:10)
  A wyvern skeleton (D:10)
  19 wights
  12 killer bees
  A howler monkey (D:9)
  A crimson imp (D:5)
  3 bullfrog zombies
  A quasit (D:11)
  2 centaur zombies (Ossuary)
  6 hounds
  A bullfrog skeleton (D:12)
  3 jellies
  Crazy Yiuf (D:7)
  7 orc priests
  3 centaur skeletons
  3 human zombies (Ossuary)
  18 orc wizards
  3 iguanas
  7 worker ants
  A big kobold zombie (Ossuary)
  2 mummies (Ossuary)
  2 hound skeletons
  A worker ant zombie (D:6)
  15 adders
  A howler monkey skeleton (D:7)
  2 shadow imps
  An ooze (D:3)
  An adder skeleton (D:10)
  5 worms
  4 dart slugs
  6 leopard geckos
  63 orcs
  2 ball pythons (D:2)
  11 bats
  A giant cockroach (D:2)
  11 goblins
  8 hobgoblins
  2 jackals (D:11)
  4 quokkas
  A ball python skeleton (D:4)
  7 frilled lizards
  2 goblin zombies (Ossuary)
  10 hobgoblin zombies (Ossuary)
  19 kobolds
  10 kobold zombies (Ossuary)
  A leopard gecko skeleton (D:5)
  A leopard gecko zombie (D:6)
  6 orc zombies (Ossuary)
  7 rats
  A rat zombie (Ossuary)
427 creatures vanquished.

Vanquished Creatures (others)
  2 fungi (Orc:2)
  A plant (D:11)
3 creatures vanquished.

Grand Total: 430 creatures vanquished

Notes
Turn   | Place    | Note
-------+----------+-------------------------------------------
     0 | D:1      | Manul the Demonspawn Monk began the quest for the Orb.
     0 | D:1      | Reached XP level 1. HP: 18/18 MP: 1/1
   223 | D:1      | Gained mutation: You have a pair of small horns on your head. [demonic ancestry]
   223 | D:1      | Reached XP level 2. HP: 7/24 MP: 2/2
   492 | D:1      | Reached skill level 3 in Unarmed Combat
   851 | D:1      | Reached XP level 3. HP: 29/29 MP: 3/3
  1762 | D:2      | Found a faded altar of an unknown god.
  1884 | D:2      | Reached skill level 1 in Armour
  2151 | D:2      | Gained mutation: Your flesh is heat resistant. (rF+) [demonic ancestry]
  2151 | D:2      | Reached XP level 4. HP: 35/35 MP: 4/4
  2435 | D:3      | Found a stormy altar of Qazlal.
  2557 | D:3      | Gained mutation: You expend magic power (3 MP) to strengthen your wands. [potion of mutation]
  2557 | D:3      | Gained mutation: You possess an exceptional clarity of mind. [potion of mutation]
  2557 | D:3      | Gained mutation: You have a pair of horns on your head. [potion of mutation]
  2557 | D:3      | Gained mutation: You are robust. (+10% HP) [potion of mutation]
  2607 | D:3      | Found an iron altar of Okawaru.
  2986 | D:3      | Found an ancient bone altar of Kikubaaqudgha.
  3172 | D:3      | Gained mutation: You are partially covered in iridescent scales. (AC +2) [demonic ancestry]
  3172 | D:3      | Reached XP level 5. HP: 22/45 MP: 5/5
  3873 | D:4      | Noticed an ogre
  3877 | D:4      | Killed an ogre
  3877 | D:4      | Reached skill level 4 in Unarmed Combat
  3877 | D:4      | Reached XP level 6. HP: 30/51 MP: 2/6
  4239 | D:4      | Lost mutation: You expend magic power (3 MP) to strengthen your wands. [potion of mutation]
  4239 | D:4      | Lost mutation: You are robust. (+10% HP) [potion of mutation]
  4239 | D:4      | Lost mutation: You possess an exceptional clarity of mind. [potion of mutation]
  4239 | D:4      | Lost mutation: You have a pair of horns on your head. [potion of mutation]
  4239 | D:4      | Gained mutation: You are covered in fur. (AC +1) [potion of mutation]
  4239 | D:4      | Gained mutation: You are clumsy. (Dex -2) [potion of mutation]
  4239 | D:4      | Gained mutation: You are robust. (+10% HP) [potion of mutation]
  4239 | D:4      | Gained mutation: You passively map a small area around you. [potion of mutation]
  4240 | D:4      | Lost mutation: You are robust. (+10% HP) [potion of mutation]
  4240 | D:4      | Lost mutation: You are clumsy. (Dex -2) [potion of mutation]
  4240 | D:4      | Lost mutation: You passively map a small area around you. [potion of mutation]
  4240 | D:4      | Gained mutation: Scrolls take you a little longer to read. [potion of mutation]
  4240 | D:4      | Gained mutation: You possess an exceptional clarity of mind. [potion of mutation]
  4240 | D:4      | Lost mutation: Scrolls take you a little longer to read. [potion of mutation]
  4253 | D:4      | Found a sparkling altar of Nemelex Xobeh.
  4829 | D:4      | Found a deep blue altar of Sif Muna.
  5200 | D:4      | Found an ornate altar of the Wu Jian Council.
  5458 | D:5      | Entered Level 5 of the Dungeon
  5496 | D:5      | Found a deep blue altar of Sif Muna.
  5653 | D:5      | Got a smoking chain mail
  5664 | D:5      | Identified the +7 chain mail "Xathreyxt" {rElec MR+} (You found it on level 5 of the Dungeon)
  5718 | D:5      | Found a burning altar of Makhleb.
  5718 | D:5      | Found a blossoming altar of Fedhas.
  6038 | D:5      | Gained mutation: You are mostly covered in iridescent scales. (AC +4) [demonic ancestry]
  6038 | D:5      | Reached XP level 7. HP: 52/53 MP: 7/7
  6183 | D:5      | Noticed Eustachio
  6261 | D:5      | Killed Eustachio
  6261 | D:5      | Reached skill level 5 in Unarmed Combat
  6528 | D:6      | Found a staircase to the Ecumenical Temple.
  6537 | Temple   | Entered the Ecumenical Temple
  6571 | Temple   | Became a worshipper of Gozag Ym Sagoz the Greedy
  6629 | D:6      | Found a sand-covered staircase.
  6640 | Ossuary  | Entered an ossuary
  7026 | Ossuary  | Reached XP level 8. HP: 19/60 MP: 8/8
  7030 | Ossuary  | Reached skill level 6 in Unarmed Combat
  7577 | D:6      | Noticed Sigmund
  7625 | D:6      | Killed Sigmund
  7625 | D:6      | Reached skill level 5 in Armour
  7820 | D:6      | Reached skill level 7 in Unarmed Combat
  7958 | D:6      | Found Haijy's Antique Armour Shop.
  8045 | D:7      | Found a snail-covered altar of Cheibriados.
  8172 | D:7      | Found a hide-covered altar of Uskayaw.
  8179 | D:7      | Reached skill level 8 in Unarmed Combat
  8389 | D:7      | Reached XP level 9. HP: 54/65 MP: 9/9
  8536 | D:7      | Found a runed door.
  8693 | D:7      | Found a glowing silver altar of Zin.
  9378 | D:7      | Noticed Crazy Yiuf
  9384 | D:7      | Killed Crazy Yiuf
  9483 | D:8      | Noticed a two-headed ogre
  9498 | D:8      | Killed a two-headed ogre
  9498 | D:8      | Reached skill level 9 in Unarmed Combat
  9612 | D:8      | Found Hacs's Weapon Shoppe.
 10410 | D:8      | Reached skill level 10 in Unarmed Combat
 10710 | D:8      | Gained mutation: You have a pair of horns on your head. [demonic ancestry]
 10710 | D:8      | Reached XP level 10. HP: 72/73 MP: 10/10
 11797 | D:9      | Found a shadowy altar of Dithmenos.
 11969 | D:9      | Got a steaming scale mail
 12191 | D:9      | Found a basalt altar of Yredelemnul.
 12410 | D:9      | Found Xaall's Weapon Emporium.
 12707 | D:9      | Reached skill level 11 in Unarmed Combat
 12775 | D:9      | Reached skill level 5 in Dodging
 13301 | D:10     | Entered Level 10 of the Dungeon
 13370 | D:10     | Identified the +0 scale mail of Fiyt {rPois} (You found it on level 9 of the Dungeon)
 13452 | D:10     | Noticed a two-headed ogre
 13462 | D:10     | Killed a two-headed ogre
 13794 | D:10     | Reached skill level 12 in Unarmed Combat
 13794 | D:10     | Gained mutation: You have a pair of large horns on your head. [demonic ancestry]
 13794 | D:10     | Reached XP level 11. HP: 78/78 MP: 11/11
 14328 | D:11     | Noticed Sonja
 14607 | D:11     | Found a labyrinth entrance.
 14623 | Lab      | Entered a labyrinth
 15039 | Lab      | Noticed a minotaur
 15046 | Lab      | Killed a minotaur
 15046 | Lab      | Reached skill level 5 in Fighting
 15050 | Lab      | Got a bound platinum ring
 15058 | Lab      | Identified the ring "Opanuonn" {rPois rC+ MP+9 Int-5} (You found it in a labyrinth)
 15106 | D:11     | Noticed Maurice
 15307 | D:11     | Killed Maurice
 15523 | D:11     | Killed Sonja
 15837 | D:11     | Found a staircase to the Orcish Mines.
 15842 | D:11     | Noticed Grum
 15864 | D:11     | Killed Grum
 15892 | D:11     | Reached skill level 1 in Evocations
 15951 | D:11     | Found a staircase to the Lair.
 16164 | D:11     | Noticed Harold
 16180 | D:11     | Killed Harold
 16180 | D:11     | Reached skill level 13 in Unarmed Combat
 16710 | D:12     | Found Loeciojo's Book Emporium.
 16750 | D:12     | Gained mutation: You are partially covered in sharp spines. [demonic ancestry]
 16750 | D:12     | Reached XP level 12. HP: 68/86 MP: 12/12
 17344 | D:12     | Bought a royal jelly for 24 gold pieces
 17344 | D:12     | Bought a royal jelly for 24 gold pieces
 17344 | D:12     | Bought a royal jelly for 24 gold pieces
 17344 | D:12     | Bought a meat ration for 60 gold pieces
 17344 | D:12     | Bought a meat ration for 60 gold pieces
 17344 | D:12     | Bought a royal jelly for 24 gold pieces
 17344 | D:12     | Bought 2 fruits for 36 gold pieces
 17344 | D:12     | Bought a royal jelly for 24 gold pieces
 17344 | D:12     | Bought a meat ration for 60 gold pieces
 17535 | D:6      | Bought a pair of runed boots for 217 gold pieces
 17540 | D:6      | Identified a +2 pair of boots of running (You bought it in a shop on level 6 of the Dungeon)
 17730 | Orc:1    | Entered Level 1 of the Orcish Mines
 17730 | Orc:1    | Noticed an ettin
 17792 | D:11     | Killed an ettin
 17792 | D:11     | Reached skill level 14 in Unarmed Combat
 18718 | Orc:2    | Entered Level 2 of the Orcish Mines
 18727 | Orc:2    | Noticed an orc high priest
 18860 | Orc:1    | Killed an orc high priest
 19431 | Orc:2    | Noticed an orc high priest
 19644 | Orc:1    | Reached skill level 10 in Armour
 19659 | Orc:2    | Killed an orc high priest
 19871 | Orc:2    | Found Lupeqis's Jewellery Boutique.
 19944 | Orc:2    | Found Umaogrit's Antique Weapon Emporium.
 20018 | Orc:2    | Noticed an orc warlord
 20019 | Orc:2    | Found Loifuav's Antique Armour Boutique.
 20020 | Orc:2    | Noticed an orc high priest
 20031 | Orc:2    | Bought an uncursed amulet of regeneration for 330 gold pieces
 20312 | Orc:2    | Noticed an orc high priest
 20506 | Orc:1    | Killed an orc warlord
 20627 | Orc:2    | Killed an orc high priest
 20627 | Orc:2    | Reached skill level 15 in Unarmed Combat
 20680 | Orc:2    | Bought a pair of embroidered gloves for 210 gold pieces
 20695 | Orc:2    | Noticed a stone giant
 20715 | Orc:2    | Noticed an orc high priest
 20719 | Orc:2    | Hit by a large rock thrown by a stone giant

Vault maps used:
D:1:      dpeg_arrival_simpleton_a
D:2:      chequers_ecumenical_altar_island
D:3:      grunt_qazlal_clouds, okawaru_gym_becter, kiku_gazebo_garden_becter
D:4:      cheibrodos_pilgrimage, kennysheep_mini,
          nemelex_xobeh_ov_fountains_minmay, led_sif_book
D:5:      lemuel_round_altar, amethyst_overflow_temple_binary, first_bread,
          uniq_eustachio
D:6:      temple_statues, nicolae_ossuary_entry_monument, serial_shops,
          nicolae_shop_behind_doors, uniq_sigmund
D:7:      zin_treasury, eat_drink_and_be_merry_uskayaw, cheibriados_altar_1,
          uniq_crazy_yiuf_cottage
D:8:      serial_shops, shop
D:9:      marbit_many_paths, nicolae_dithmenos_through_a_glass_darkly,
          serial_shops, shop
D:11:     david_lair_shrubbed, orc_0_dummy, lab_entry_generic, uniq_grum,
          uniq_harold, uniq_maurice, uniq_sonja
D:12:     serial_shops, nicolae_shop_statue_plus
Temple:   jpeg_temple_island
Orc:2:    grunt_orc_gardens, grunt_orc_garden, grunt_orc_garden,
          grunt_orc_garden, grunt_orc_garden
Lab:      lab_fountain, nicolae_lab_blocks
Ossuary:  ossuary_tomb_1

Skill      XL: |  1  2  3  4  5  6  7  8  9 10 11 12 |
---------------+-------------------------------------+-----
Dodging        | 3 4 5 6 |  6.3
Unarmed Combat | 3 4 5 8 10 12 13 15 | 15.0
Armour         | 1 2 3 4 5 7 9 10 | 10.3
Stealth        | 2 3 |  3.2
Fighting       | 4 5 |  5.9
Evocations     | 1 2 |  2.4
Throwing       | |  0.5

Action                   |  1- 3 |  4- 6 |  7- 9 | 10-12 || total
-------------------------+-------+-------+-------+-------++-------
Melee: Unarmed           |   126 |   280 |   534 |   967 ||  1907
       Punch             |     3 |     9 |     8 |    50 ||    70
       Headbutt          |    19 |    43 |   122 |   250 ||   434
       Dagger            |    37 |       |       |       ||    37
Throw: Throwing net      |       |       |     1 |    10 ||    11
Invok: Call Merchant     |       |       |       |     2 ||     2
Evoke: Wand              |       |     1 |       |    22 ||    23
  Use: Potion            |       |     5 |     7 |     2 ||    14
       Scroll            |       |     4 |     9 |     7 ||    20
 Stab: Sleeping          |     1 |     3 |       |       ||     4
       Distracted        |       |       |     1 |     3 ||     4
       Held in net/web   |       |       |       |     5 ||     5
       Paralysed         |       |       |       |     8 ||     8
  Eat: Chunk             |     4 |    12 |     2 |       ||    18
       Meat ration       |       |       |     2 |     3 ||     5
       Bread ration      |       |       |     2 |     2 ||     4
       Fruit             |       |       |       |     4 ||     4
       Royal jelly       |       |       |       |     3 ||     3
Armor: Robe              |    18 |       |       |       ||    18
       Ring mail         |    45 |    73 |       |       ||   118
       Chain mail        |    10 |    21 |   503 |   667 ||  1201
Dodge: Dodged            |   129 |   158 |   294 |   423 ||  1004
